 Dungeon Crawl Stone Soup version 0.23.1-37-gaa34b87 (webtiles) character file.

Game seed: 5564976468437253587

360 vishdafish the Chopper (level 6, 0/73 HPs)
             Began as a Demonspawn Fighter on Mar 23, 2019.
             Succumbed to a scorpion's poison
             ... on level 4 of the Dungeon.
             The game lasted 00:02:57 (2259 turns).

vishdafish the Chopper (Demonspawn Fighter)         Turns: 2259, Time: 00:02:58

Health: 0/73       AC: 23    Str: 17    XL:     6   Next: 38%
Magic:  6/6        EV:  2    Int: 13    God:
Gold:   175        SH:  9    Dex: 17    Spells: 5/5 levels left

rFire    . . .     SeeInvis .   a - +0 war axe
rCold    . . .     Gourm    .   c - +0 shield
rNeg     + + +     Faith    .   (armour currently unavailable)
rPois    +         Spirit   .   (helmet currently unavailable)
rElec    .         Reflect  .   (cloak currently unavailable)
rCorr    .         Harm     .   (gloves currently unavailable)
MR       .....     NoTele   +   (boots currently unavailable)
Stlth    ++++......             (no amulet)
HPRegen  0.22/turn              n - +2 ring of intelligence
MPRegen  0.10/turn              (no ring)

@: agile, lethally poisoned (0 -> -17), tree-form
A: demonic guardian 1, nightstalker 1
a: no special abilities


You were on level 4 of the Dungeon.
You were hungry.
You were a tree.
You visited 1 branch of the dungeon, and saw 4 of its levels.

You collected 175 gold pieces.

Inventory:

Hand Weapons
 a - a +0 war axe (weapon)
Armour
 b - a +0 scale mail (melded)
 c - a +0 shield (worn)
Jewellery
 n - a +2 ring of intelligence (left branch)
Scrolls
 e - a scroll of immolation {unknown}
 i - a scroll of noise {unknown}
 j - 4 scrolls of identify {unknown}
 o - a scroll of teleportation {unknown}
 p - 4 scrolls of magic mapping {unknown}
 q - 6 scrolls of remove curse {unknown}
Potions
 d - 2 potions of might
 h - a potion of heal wounds {unknown}
 l - 2 potions of ambrosia {unknown}
 m - a potion of curing {unknown}
Comestibles
 f - 8 rations


   Skills:
 + Level 4.7 Fighting
 * Level 5.2 Axes
 - Level 2.6 Armour
 - Level 2.6 Shields


You had 5 spell levels left.
You didn't know any spells.
Your spell library contained the following spells:

 Spells                   Type           Power        Failure   Level  Hunger
 Corpse Rot               Necr           N/A          92%         2    ###....
 Poisonous Vapours        Pois/Air       #.....       92%         2    ###....
 Sublimation of Blood     Necr           #.........   92%         2    ###....
 Conjure Flame            Conj/Fire      #.......     99%         3    ####...
 Mephitic Cloud           Conj/Pois/Air  #.......     99%         3    ####...
 Agony                    Necr           #.......     100%        5    ######.
 Bolt of Draining         Conj/Necr      #.........   100%        5    ######.
 Dispel Undead            Necr           #.......     100%        5    ######.
 Excruciating Wounds      Chrm/Necr      #.........   100%        5    ######.
 Freezing Cloud           Conj/Ice/Air   #.........   100%        6    #######
 Ring of Flames           Chrm/Fire      #.........   100%        7    #######


Dungeon Overview and Level Annotations

Branches:
Dungeon (4/15)
 Temple: D:4-7

Altars:
Trog
Uskayaw
Yredelemnul


Innate Abilities, Weirdness & Mutations

((You have sharp fingernails.))
((You have large cloven feet.))
((You have a pair of small horns on your head.))
A weak demonic guardian rushes to your aid.
You are slightly more attuned to the shadows.


Message History

You slash the scorpion!
The scorpion is almost dead.
You feel sick. The scorpion stings you!
* * * LOW HITPOINT WARNING * * *
You are more poisoned.
The scorpion poisons you! The scorpion stings you.
* * * LOW HITPOINT WARNING * * *
You slash the scorpion!
You kill the scorpion!
* * * LOW HITPOINT WARNING * * *
You feel very sick.
There is a lethal amount of poison in your body!
It was a potion of agility.
You feel agile all of a sudden.
* * * LOW HITPOINT WARNING * * *
You feel sick.
It was a potion of lignification.
You turn into a tree.
Your +0 scale mail melds into your body.
Your roots penetrate the ground.
You die...

###.# #.# #.# .##.#
#.# #.# #.#.######
#.# #.#
..........##.# #.#
#########.##.###.##
# #.##...######
.............$
.#.##.5.###### #
##♣## #.# #.# #.#
#.. ###


You could see a friendly ufetubus.

Vanquished Creatures
  A phantom (D:4)
  A bullfrog (D:3)
  A scorpion (D:4)
  A centaur skeleton (D:4)
  6 adders
  3 worms
  3 dart slugs
  2 leopard geckos
  8 orcs
  5 giant cockroaches
  2 hobgoblins (D:2)
  3 jackals (D:3)
  14 kobolds
  3 quokkas
  A ball python (D:3)
  9 bats
  5 frilled lizards
  6 goblins
  A jackal skeleton (D:4)
  6 rats
  A spectral orc (D:3)
82 creatures vanquished.

Notes
Turn   | Place    | Note
-------+----------+-------------------------------------------
     0 | D:1      | vishdafish the Demonspawn Fighter began the quest for the
                  | Orb.
     0 | D:1      | Reached XP level 1. HP: 18/18 MP: 1/1
    20 | D:1      | Reached skill level 2 in Axes
   154 | D:1      | Gained mutation: You have a pair of small horns on your
                  | head. [demonic ancestry]
   154 | D:1      | Reached XP level 2. HP: 17/24 MP: 2/2
   520 | D:2      | Gained mutation: You have large cloven feet. [demonic
                  | ancestry]
   520 | D:2      | Reached XP level 3. HP: 11/29 MP: 3/3
   596 | D:2      | Reached skill level 3 in Axes
  1093 | D:2      | Gained mutation: A weak demonic guardian rushes to your
                  | aid. [demonic ancestry]
  1093 | D:2      | Reached XP level 4. HP: 32/37 MP: 4/4
  1116 | D:2      | Found a bloodstained altar of Trog.
  1537 | D:3      | Noticed a bullfrog
  1546 | D:3      | Killed a bullfrog
  1546 | D:3      | Reached skill level 4 in Axes
  1546 | D:3      | Gained mutation: You have sharp fingernails. [demonic
                  | ancestry]
  1546 | D:3      | Reached XP level 5. HP: 23/42 MP: 5/5
  1738 | D:3      | Found a basalt altar of Yredelemnul.
  1913 | D:3      | Found a hide-covered altar of Uskayaw.
  2186 | D:4      | Noticed a phantom
  2197 | D:4      | Killed a phantom
  2197 | D:4      | Reached skill level 5 in Axes
  2197 | D:4      | Gained mutation: You are slightly more attuned to the
                  | shadows. [demonic ancestry]
  2197 | D:4      | Reached XP level 6. HP: 33/49 MP: 6/6
  2258 | D:4      | HP: 1/49 [poisoned by a scorpion]
  2259 | D:4      | Succumbed to a scorpion's poison

Skill      XL: |  1  2  3  4  5 |
---------------+----------------+-----
Axes           | 2 3 4 5 |  5.2
Fighting       | 4 |  4.7
Armour         | |  2.6
Shields        | |  2.6

Action                   |  1- 3 |  4- 6 || total
-------------------------+-------+-------++-------
Melee: War axe           |    94 |   115 ||   209
       Headbutt          |     9 |    19 ||    28
       Kick              |     5 |    30 ||    35
  Use: Potion            |       |     2 ||     2
  Eat: Chunk             |       |     4 ||     4
Armor: Scale mail        |    46 |    47 ||    93
Dodge: Dodged            |    30 |    25 ||    55
Block: Shield            |    66 |    56 ||   122
